Map: Galactic Process LE

Players

AiLillekanin (Lillekanin)

  • Race: Terran Terran

SortOf - Winner!

  • Race: Zerg Zerg
  • League: Master

Event: DreamHack ZOWIE Open Valencia 2016

VOD

Have the link to the VOD?

Description

Time

  • Played on: July 14, 2016, 10:55 a.m.
  • Length: 16:38

All games in this series

Show
View Real Time Build Order
Export as new Build Order

AiLillekanin Terran 

Build Orders: Reaper Expand, Mech, Banshee Rush 

Get SALT Encoding   

  12  0:00  SCV  
  13  0:12  SCV  
  14  0:17  Supply Depot  
  14  0:25  SCV  
  15  0:29  Refinery  
  15  0:39  SCV  
  16  0:45  Barracks  
  16  0:51  SCV  
  17  1:03  SCV  
  18  1:15  SCV  
  19  1:32  Reaper  
  21  1:33  Orbital Command  
  20  1:49  Command Center  
  20  2:00  SCV  
  21  2:01  Factory  
  22  2:12  SCV  
  23  2:19  Supply Depot  
  23  2:21  Barracks Reactor  
  22  2:24  SCV  
  23  2:40  SCV  
  24  2:48  Starport  
  24  2:53  SCV  
  24  2:56  Refinery  
  24  3:04  Orbital Command  
  24  3:05  SCV  
  25  3:09  Barracks Tech Lab  
  25  3:10  Supply Depot  
  25  3:11  Hellion x2  
  29  3:17  SCV  
  30  3:29  SCV  
  30  3:31  SCV  
  32  3:40  Banshee  
  32  3:41  SCV  
  36  3:44  SCV  
  36  3:47  Hellion x2  
  41  3:52  Cloaking Field  
  41  3:53  SCV  
  42  3:56  SCV  
  43  4:04  Refinery  
  43  4:05  SCV  
  43  4:08  SCV  
  44  4:11  Marine  
  44  4:15  Supply Depot  
  45  4:17  SCV  
  45  4:20  SCV  
  45  4:23  Viking  
  49  4:29  SCV  
  49  4:31  Command Center  
  50  4:32  SCV  
  50  4:35  Bunker  
  51  4:41  SCV  
  51  4:43  Factory  
  51  4:44  SCV  
  53  4:51  Refinery, Barracks Tech Lab  
  53  4:53  SCV, Medivac  
  53  4:56  SCV  
  57  5:05  Armory  
  57  5:06  SCV  
  58  5:08  SCV  
  59  5:18  SCV  
  59  5:20  SCV, Armory  
  61  5:30  SCV, Factory  
  62  5:38  Banshee, SCV  
  62  5:42  SCV  
  67  5:43  Orbital Command  
  67  5:46  Siege Tank  
  67  5:50  SCV  
  67  5:54  SCV  
  69  5:59  Supply Depot  
  69  6:00  Supply Depot  
  69  6:01  Supply Depot  
  69  6:02  SCV, Orbital Command  
  69  6:04  Factory  
  70  6:06  SCV  
  70  6:08  Barracks Tech Lab  
  70  6:11  Factory  
  71  6:14  SCV  
  72  6:18  Factory Tech Lab, SCV  
  72  6:25  Terran Vehicle Weapons Level 1  
  73  6:26  Terran Vehicle And Ship Armor Level 1  
  73  6:27  SCV  
  73  6:29  SCV  
  73  6:30  SCV  
  78  6:33  Hellion x2  
  78  6:39  SCV  
  81  6:41  SCV  
  81  6:42  SCV  
  81  6:44  Hellion x2  
  85  6:51  SCV  
  86  6:56  SCV  
  85  7:04  SCV  
  85  7:05  Siege Tank x2  
  88  7:09  Factory Tech Lab  
  88  7:10  SCV x2  
  88  7:14  Refinery  
  88  7:15  Refinery  
  90  7:16  SCV  
  90  7:18  Hellion  
  90  7:19  Hellion  
  95  7:22  SCV  
  95  7:23  SCV  
  95  7:28  SCV  
  98  7:33  Cyclone x2  
  98  7:35  SCV  
  107  7:38  SCV  
  107  7:41  Supply Depot  
  107  7:42  Supply Depot  
  107  7:43  Supply Depot  
  108  7:48  Mag-Field Accelerator  
  108  7:49  Command Center  
  108  7:50  SCV  
  109  7:52  Siege Tank  
  108  8:00  Banshee  
  108  8:01  Engineering Bay  
  108  8:02  Supply Depot x2  
  108  8:03  SCV  
  110  8:07  Cyclone x2  
  110  8:10  SCV  
  110  8:11  Supply Depot  
  110  8:12  Supply Depot  
  119  8:14  Infernal Pre-Igniter  
  119  8:15  Hellion  
  119  8:19  Cyclone  
  125  8:27  Hellion, Siege Tank  
  125  8:32  Supply Depot  
  130  8:36  Hellion  
  130  8:39  Cyclone  
  136  8:43  Banshee  
  136  8:45  Missile Turret  
  136  8:47  Missile Turret  
  136  8:48  Missile Turret  
  139  8:51  Missile Turret  
  139  8:52  Sensor Tower  
  139  8:54  Cyclone x2  
  144  9:04  Hellion x2, Missile Turret  
  148  9:12  Terran Vehicle Weapons Level 2  
  148  9:19  Cyclone x2  
  156  9:26  Hellion x2  
  156  9:29  Hellion x2, Terran Vehicle And Ship Armor Level 2  
  164  9:45  Supply Depot x2  
  164  9:47  Hellion x2  
  164  9:48  Supply Depot  
  164  9:50  Siege Tank  
  171  9:53  Thor  
  171  9:54  Hellion  
  171  9:55  Hellion  
  171  9:57  Supply Depot  
  181  10:04  Supply Depot  
  181  10:07  Starport  
  181  10:08  Hellion  
  181  10:09  Starport  
  183  10:15  Cyclone  
  183  10:18  Viking  
  183  10:20  Starport  
  185  10:29  Cyclone  
  185  10:32  Supply Depot  
  185  10:33  Sensor Tower  
  189  10:44  Missile Turret, Viking  
  189  10:46  Missile Turret  
  189  10:47  Missile Turret  
  189  10:48  Viking  
  189  10:49  Planetary Fortress, Refinery  
  193  10:50  Refinery  
  193  10:51  Command Center  
  193  10:57  Cyclone  
  197  11:10  Starport Tech Lab  
  191  11:13  Missile Turret  
  191  11:17  Raven, SCV  
  191  11:18  SCV  
  190  11:27  Cyclone  
  190  11:31  Liberator  
  190  11:32  Siege Tank  
  178  11:33  Hellion, Siege Tank  
  178  11:38  Starport Tech Lab  
  172  11:40  SCV x3  
  172  11:43  Liberator  
  172  11:46  Hellion x2  
  172  11:47  Hellion  
  174  11:48  Missile Turret  
  174  11:50  Hellion x2, Missile Turret  
  181  11:54  Hellion  
  181  11:55  Starport Tech Lab  
  181  12:06  Cyclone x2  
  188  12:12  Terran Vehicle Weapons Level 3  
  188  12:26  Raven  
  188  12:29  Hellion  
  175  12:36  Terran Vehicle And Ship Armor Level 3  
  173  12:42  Cyclone x2  
  177  12:47  Liberator  
  177  12:49  Fusion Core  
  177  12:56  Viking  
  179  13:00  Missile Turret  
  172  13:17  Siege Tank  
  172  13:18  Hellion  
  156  13:21  Siege Tank  
  156  13:22  Hellion x2, Liberator x2  
  161  13:28  Thor  
  167  13:36  Refinery  
  167  13:39  Hellion  
  175  13:43  Hellion x2  
  179  13:49  Hellion, Command Center  
  179  13:54  Hellion  
  180  13:58  Advanced Ballistics  
  180  14:00  Hellion  
  170  14:09  Siege Tank  
  146  14:10  Hellion  
  146  14:11  Hellion  
  145  14:21  Thor x2  
  157  14:25  Hellion  
  159  14:31  Hellion  
  159  14:32  Planetary Fortress  
  159  14:36  Hellion  
  163  14:42  Hellion  
  165  14:46  Hellion  
  165  14:55  Refinery, Missile Turret  
  165  14:56  Missile Turret  
  165  14:57  Cyclone  
  169  15:03  Cyclone  
  173  15:08  Thor  
  179  15:14  Viking  
  179  15:21  Cyclone  
  181  15:35  Thor  
  187  15:40  Thor  
  189  15:47  Viking x2  
  185  15:59  Viking x2  
  147  16:23  SCV  
Show
View Real Time Build Order
Export as new Build Order

SortOf Zerg - Winner!

Build Orders: Hatch First 

Get SALT Encoding   

  12  0:00  Drone  
  13  0:12  Overlord  
  13  0:17  Drone  
  14  0:30  Drone  
  14  0:31  Drone  
  14  0:35  Drone  
  17  0:52  Hatchery  
  16  0:57  Drone  
  16  0:59  Drone  
  18  1:06  Extractor  
  18  1:08  Drone  
  18  1:20  Drone  
  18  1:25  Spawning Pool  
  18  1:31  Drone  
  19  1:51  Drone  
  19  1:52  Overlord  
  20  2:11  Queen x2  
  20  2:12  Zergling x6  
  27  2:16  Metabolic Boost  
  27  2:20  Drone  
  27  2:22  Drone  
  29  2:30  Overlord  
  29  2:34  Drone  
  29  2:42  Drone  
  30  2:45  Drone  
  31  2:52  Queen  
  31  2:53  Drone  
  31  2:56  Drone  
  35  3:00  Drone  
  35  3:04  Pneumatized Carapace  
  36  3:07  Drone  
  36  3:10  Drone  
  38  3:16  Drone  
  39  3:21  Drone x2  
  39  3:23  Spore Crawler  
  39  3:25  Drone x4  
  44  3:36  Overlord  
  44  3:38  Overlord  
  45  3:47  Hatchery  
  44  3:54  Queen  
  46  3:59  Drone x2  
  46  4:00  Drone x3  
  50  4:04  Drone x2  
  50  4:05  Drone  
  50  4:07  Lair  
  50  4:09  Drone  
  54  4:14  Drone x2  
  54  4:15  Drone  
  57  4:17  Extractor  
  57  4:20  Zergling x2  
  57  4:26  Extractor  
  57  4:29  Zergling x4, Queen  
  60  4:32  Evolution Chamber  
  60  4:34  Evolution Chamber  
  58  4:38  Spore Crawler  
  58  4:42  Spore Crawler  
  58  4:43  Drone x2  
  58  4:44  Zergling x4  
  60  4:46  Overlord  
  60  4:51  Overlord  
  60  4:57  Roach Warren  
  59  5:00  Drone x2  
  59  5:03  Drone x2  
  59  5:06  Zerg Ground Armor Level 1  
  63  5:11  Drone x2, Overseer  
  62  5:16  Drone  
  62  5:18  Drone x2  
  66  5:21  Drone  
  66  5:27  Drone x2  
  66  5:30  Zerg Missile Weapons Level 1  
  66  5:31  Drone x3  
  69  5:38  Roach x2  
  69  5:40  Overlord  
  69  5:41  Drone  
  74  5:52  Overlord  
  74  5:55  Overlord x2  
  74  6:04  Drone x4  
  76  6:05  Roach x2  
  76  6:08  Glial Reconstitution  
  76  6:10  Overlord  
  76  6:11  Drone x5  
  84  6:15  Roach  
  88  6:19  Drone  
  88  6:20  Drone x3  
  88  6:21  Extractor  
  88  6:22  Extractor  
  88  6:23  Roach  
  92  6:27  Drone x2  
  92  6:28  Extractor  
  92  6:29  Drone x2  
  92  6:30  Roach  
  97  6:34  Spore Crawler  
  94  6:42  Roach  
  94  6:43  Roach x2  
  94  6:45  Roach  
  99  6:48  Roach  
  99  6:53  Drone x5  
  100  6:58  Overlord  
  100  7:00  Drone x3  
  97  7:09  Zerg Ground Armor Level 2  
  97  7:15  Hatchery  
  96  7:19  Overlord  
  96  7:22  Drone, Infestation Pit  
  96  7:24  Drone x4  
  96  7:26  Hydralisk Den  
  99  7:30  Queen  
  101  7:38  Overlord  
  101  7:40  Drone  
  101  7:41  Overlord  
  101  7:42  Overlord  
  102  7:48  Drone x2  
  102  7:49  Drone x3  
  102  7:50  Overlord  
  113  7:51  Roach x3  
  113  7:58  Overlord  
  113  8:09  Hive, Muscular Augments  
  113  8:10  Hydralisk x5  
  123  8:18  Hydralisk x3  
  129  8:20  Overlord  
  129  8:22  Zerg Missile Weapons Level 2  
  129  8:24  Overseer  
  129  8:27  Drone x3  
  129  8:28  Drone  
  129  8:29  Drone  
  129  8:31  Drone  
  129  8:32  Drone  
  136  8:34  Extractor  
  136  8:35  Drone x2, Extractor  
  136  8:40  Spore Crawler  
  135  8:44  Hatchery  
  135  8:45  Drone  
  135  8:57  Hydralisk x6  
  147  9:12  Overlord, Spire  
  146  9:17  Overlord  
  146  9:21  Viper x4, Spine Crawler  
  146  9:23  Overlord  
  157  9:25  Hydralisk, Extractor  
  157  9:27  Extractor  
  157  9:49  Zerg Ground Armor Level 3  
  157  9:50  Hydralisk x7  
  171  9:57  Overlord  
  171  10:15  Overlord x2  
  171  10:16  Overlord  
  171  10:22  Overseer  
  171  10:24  Overlord  
  171  10:26  Overlord  
  171  10:28  Greater Spire  
  173  10:35  Roach  
  173  10:36  Roach x9  
  191  10:48  Spine Crawler  
  190  11:02  Drone x3  
  190  11:03  Drone x3  
  196  11:07  Hydralisk  
  196  11:08  Hydralisk x5  
  196  11:10  Spore Crawler  
  196  11:11  Spore Crawler  
  194  11:15  Overlord  
  171  11:35  Viper x4  
  171  11:36  Corruptor x3  
  171  11:38  Overlord x2  
  183  11:43  Zerg Flyer Armor Level 1  
  183  11:44  Zerg Melee Weapons Level 1  
  183  11:51  Roach x7  
  195  12:04  Evolution Chamber x2  
  191  12:11  Drone x2  
  187  12:27  Hydralisk x11  
  200  12:34  Drone x3  
  199  12:37  Spine Crawler  
  199  12:39  Spine Crawler  
  197  12:49  Overlord  
  197  13:02  Hatchery  
  160  13:22  Hatchery  
  160  13:23  Roach x6  
  160  13:24  Roach x15  
  191  13:39  Drone x7  
  191  13:40  Spore Crawler  
  191  13:41  Spine Crawler  
  193  13:44  Drone  
  193  13:45  Drone x2  
  196  13:53  Brood Lord x2  
  190  14:07  Corruptor x2  
  171  14:13  Corruptor x6  
  171  14:16  Viper x2  
  167  14:22  Viper  
  168  14:26  Zerg Flyer Weapons Level 1  
  168  14:28  Drone  
  169  14:35  Viper x2  
  175  14:40  Brood Lord x2  
  179  14:58  Brood Lord x4  
  179  14:59  Brood Lord  
  189  15:03  Queen  
  193  15:12  Spore Crawler  
  193  15:13  Spore Crawler  
  191  15:14  Corruptor x2  
  195  15:24  Hatchery  
  192  15:34  Hatchery  
  192  15:35  Corruptor x3  
  187  15:41  Overseer  
  191  15:43  Corruptor x2  
  193  15:52  Corruptor x2  

Tags
 
Add a new tag
Caveats
  • Supply blocks, unpowered buildings, or Contaminate may cause inaccurate times.
  • Supply counts are checked every 10 seconds.